[Event "EYTCC Open U18 2022"]
[Site "Thessaloniki"]
[Date "2022.07.14"]
[Round "3.37"]
[White "Betsakou, Sofia"]
[Black "Stoimenidis, Dimitrios"]
[Result "0-1"]
[ECO "A46"]
[WhiteElo "1412"]
[BlackElo "1993"]
[Annotator "ChessBase"]
[PlyCount "56"]
[EventDate "2022.07.12"]
[EventType "team-tourn"]
[EventCountry "GRE"]
[SourceTitle "playchess.com"]
[Source "ChessBase"]
[SourceQuality "1"]
[WhiteTeam "Greece"]
[BlackTeam "Greece"]
[WhiteTeamCountry "GRE"]
[BlackTeamCountry "GRE"]
[TimeControl "40/5400+30:1800+30"]

1. d4 Nf6 2. Nf3 e6 3. Nbd2 c5 4. e3 cxd4 5. exd4 Be7 6. Bd3 O-O 7. O-O b6 8. c3 Bb7 9. Re1 d6 10. Qe2 Nbd7 11. Ne4 Nxe4 12. Bxe4 Bxe4 13. Qxe4 Nf6 14. Qe2 Qc8 15. c4 d5 16. b3 Qb7 17. Ne5 Rad8 18. Bb2 Nd7 19. f4 Nxe5 20. fxe5 Rd7 21. a4 Rc8 22. Rac1 Rdc7 23. cxd5 Qxd5 24. Qd3 Bg5 25. Rxc7 Rxc7 26. Ba3 Qc6 27. Re2 Qc3 28. Qe4 Qa1+ 0-1

[Event "EYTCC Open U18 2022"]
[Site "Thessaloniki"]
[Date "2022.07.14"]
[Round "3.38"]
[White "Karamichos, Michail"]
[Black "Betsakos, Haralampos"]
[Result "1-0"]
[ECO "B13"]
[WhiteElo "1839"]
[BlackElo "1183"]
[Annotator "NA"]
[PlyCount "77"]
[EventDate "2022.07.12"]
[EventType "team-tourn"]
[EventCountry "GRE"]
[SourceTitle "playchess.com"]
[Source "ChessBase"]
[SourceQuality "1"]
[WhiteTeam "Greece"]
[BlackTeam "Greece"]
[WhiteTeamCountry "GRE"]
[BlackTeamCountry "GRE"]
[TimeControl "40/5400+30:1800+30"]

1. e4 c6 2. d4 d5 3. exd5 cxd5 4. Bd3 Nc6 5. c3 Nf6 6. h3 g6 7. Nf3 Bf5 8. Ne5 Bxd3 9. Nxd3 Bg7 10. O-O O-O 11. Bf4 b6 12. Nd2 Re8 13. Re1 Nd7 14. Nf3 e6 15. Qd2 Rc8 16. Bh6 Qc7 17. Bxg7 Kxg7 18. g3 Na5 19. Kg2 Nc4 20. Qe2 Qc6 21. Rac1 Nd6 22. Nfe5 Nxe5 23. Nxe5 Qb5 24. Nd3 Kg8 25. h4 h5 26. Rcd1 Qd7 27. g4 hxg4 28. Qxg4 Qe7 29. Re3 Nf5 30. Rh3 Kg7 31. h5 Qf6 32. Ne5 Rh8 33. Rdh1 Nh6 34. Qe2 Nf5 35. f4 Nh6 36. hxg6 fxg6 37. Rg3 Qxf4 38. Rxg6+ Kh7 39. Rhxh6+ 1-0

[Event "EYTCC Open U18 2022"]
[Site "Thessaloniki"]
[Date "2022.07.14"]
[Round "3.39"]
[White "Karkanas, Stylianos"]
[Black "Tagkaloglou, Savvas Stefanos"]
[Result "0-1"]
[ECO "E90"]
[WhiteElo "1089"]
[BlackElo "1724"]
[Annotator "NA"]
[PlyCount "24"]
[EventDate "2022.07.12"]
[EventType "team-tourn"]
[EventCountry "GRE"]
[SourceTitle "playchess.com"]
[Source "ChessBase"]
[SourceQuality "1"]
[WhiteTeam "Greece"]
[BlackTeam "Greece"]
[WhiteTeamCountry "GRE"]
[BlackTeamCountry "GRE"]
[TimeControl "40/5400+30:1800+30"]

1. d4 Nf6 2. Nf3 g6 3. c4 Bg7 4. Nc3 O-O 5. e4 d6 6. Be3 e5 7. d5 Nh5 8. Nd2 Qe8 9. Be2 Nf4 10. Bxf4 exf4 11. Qc2 f5 12. f3 Na6 0-1

[Event "EYTCC Open U18 2022"]
[Site "Thessaloniki"]
[Date "2022.07.14"]
[Round "3.40"]
[White "Karakotsios, Konstantinos"]
[Black "Maki, Eftychia Maria"]
[Result "1-0"]
[ECO "D55"]
[WhiteElo "1376"]
[BlackElo "1157"]
[Annotator "NA"]
[PlyCount "73"]
[EventDate "2022.07.12"]
[EventType "team-tourn"]
[EventCountry "GRE"]
[SourceTitle "playchess.com"]
[Source "ChessBase"]
[SourceQuality "1"]
[WhiteTeam "Greece"]
[BlackTeam "Greece"]
[WhiteTeamCountry "GRE"]
[BlackTeamCountry "GRE"]
[TimeControl "40/5400+30:1800+30"]

1. d4 Nf6 2. c4 e6 3. Nc3 d5 4. Bg5 Be7 5. Nf3 O-O 6. e3 c6 7. Qc2 Nbd7 8. cxd5 cxd5 9. Bd3 h6 10. Bh4 a6 11. Rc1 b5 12. Ne2 Qa5+ 13. Nd2 Bd6 14. O-O Bb7 15. Nb3 Qb6 16. Bg3 Rac8 17. Qd2 Ne4 18. Bxe4 Bxg3 19. fxg3 dxe4 20. Nc3 b4 21. Na4 Qd6 22. Nac5 Nxc5 23. Nxc5 Bd5 24. b3 a5 25. Qe2 Qd8 26. Rc2 Re8 27. Rfc1 Qb6 28. Na4 Qb7 29. Nc5 Qb6 30. Qg4 Qd6 31. Nxe4 Bxe4 32. Rxc8 Rxc8 33. Rxc8+ Kh7 34. Qxe4+ f5 35. Qe5 Qd7 36. Rc7 Qe8 37. Qxg7# 1-0

[Event "EYTCC Open U18 2022"]
[Site "Thessaloniki"]
[Date "2022.07.15"]
[Round "4.1"]
[White "Milikow, Yoav"]
[Black "Budisavljevic, Luka"]
[Result "1/2-1/2"]
[ECO "D35"]
[WhiteElo "2452"]
[BlackElo "2511"]
[Annotator "ChessBase"]
[PlyCount "144"]
[EventDate "2022.07.12"]
[EventType "team-tourn"]
[EventCountry "GRE"]
[SourceTitle "playchess.com"]
[Source "ChessBase"]
[SourceQuality "1"]
[WhiteTeam "Israel"]
[BlackTeam "Serbia"]
[WhiteTeamCountry "ISR"]
[BlackTeamCountry "SRB"]
[TimeControl "40/5400+30:1800+30"]

1. d4 Nf6 2. c4 e6 3. Nc3 d5 4. cxd5 exd5 5. Bg5 Be6 6. e3 Nbd7 7. Bd3 c6 8. f4 h6 9. Bh4 g5 10. fxg5 Ne4 11. Nge2 hxg5 12. Bg3 Nxg3 13. Nxg3 Qc7 14. Qf3 Rh4 15. Nf5 Rxh2 16. O-O-O O-O-O 17. Rxh2 Qxh2 18. g3 Bxf5 19. Bxf5 Bd6 20. Ne2 Qh8 21. Rh1 Qe8 22. Rh7 Kb8 23. Bg4 Nb6 24. b3 c5 25. Qxf7 Qc6 26. Qf6 Qe8 27. Kd1 c4 28. Qg7 Qc6 29. Qf6 Bc7 30. Qxc6 bxc6 31. Rg7 Re8 32. Kd2 Bd6 33. Rxg5 Bb4+ 34. Kc2 Rxe3 35. Rg8+ Kb7 36. Rg7+ Ka6 37. Rc7 Re4 38. Bh5 Re6 39. Nf4 Re4 40. Ne2 Re6 41. Bg4 Rh6 42. Bf3 Rf6 43. Bh5 Bd6 44. Rxc6 Kb7 45. Be8 Rf2 46. Kd2 Bxg3 47. Re6 Bh4 48. Bc6+ Kc7 49. Bb5 Bg5+ 50. Kc2 Bf6 51. Kd2 Rf1 52. Kc2 Bg5 53. Re5 Bf6 54. Re6 Rf2 55. Kd2 Rf3 56. Kc2 Rf1 57. Kd2 Bg5+ 58. Kc2 Rf2 59. Kd1 Rf1+ 60. Kc2 Rf2 61. Kd1 Rf1+ 62. Kc2 Ra1 63. Nc3 Rc1+ 64. Kb2 Bd2 65. Rc6+ Kb7 66. Nb1 Be3 67. Re6 Re1 68. Re7+ Kb8 69. Kc2 Rc1+ 70. Kb2 Re1 71. Kc2 Rc1+ 72. Kb2 Re1 1/2-1/2

[Event "EYTCC Open U18 2022"]
[Site "Thessaloniki"]
[Date "2022.07.15"]
[Round "4.2"]
[White "Tadic, Stefan"]
[Black "Ben Ari, Yannay"]
[Result "0-1"]
[ECO "B51"]
[WhiteElo "2356"]
[BlackElo "2411"]
[Annotator "ChessBase"]
[PlyCount "82"]
[EventDate "2022.07.12"]
[EventType "team-tourn"]
[EventCountry "GRE"]
[SourceTitle "playchess.com"]
[Source "ChessBase"]
[SourceQuality "1"]
[WhiteTeam "Serbia"]
[BlackTeam "Israel"]
[WhiteTeamCountry "SRB"]
[BlackTeamCountry "ISR"]
[TimeControl "40/5400+30:1800+30"]

1. e4 c5 2. Nf3 d6 3. Bb5+ Nd7 4. c3 Ngf6 5. Qe2 a6 6. Ba4 b5 7. Bc2 Bb7 8. d4 g6 9. O-O Bg7 10. Rd1 O-O 11. e5 Bxf3 12. Qxf3 dxe5 13. dxc5 e4 14. Qh3 Qc7 15. b4 Rad8 16. a4 bxa4 17. Rxa4 Qc6 18. c4 Ne5 19. Rxd8 Rxd8 20. Qe3 Nd3 21. h3 Nh5 22. b5 axb5 23. cxb5 Qxb5 24. Rxe4 Nxc1 25. Qxc1 Qxc5 26. Re2 Rc8 27. Qe3 Qxe3 28. fxe3 Ng3 29. Rd2 Bb2 30. Bb3 Be5 31. Rc2 Rb8 32. Nd2 Rd8 33. Kf2 Kg7 34. Nf1 Ne4+ 35. Ke2 f5 36. Nd2 Rb8 37. Bc4 Nc3+ 38. Kf3 Rd8 39. g4 fxg4+ 40. hxg4 Rf8+ 41. Kg2 Nd1 0-1

[Event "EYTCC Open U18 2022"]
[Site "Thessaloniki"]
[Date "2022.07.15"]
[Round "4.3"]
[White "Milikow, Elie"]
[Black "Ivanovic, Marko"]
[Result "1-0"]
[ECO "C82"]
[WhiteElo "2433"]
[BlackElo "2310"]
[Annotator "ChessBase"]
[PlyCount "69"]
[EventDate "2022.07.12"]
[EventType "team-tourn"]
[EventCountry "GRE"]
[SourceTitle "playchess.com"]
[Source "ChessBase"]
[SourceQuality "1"]
[WhiteTeam "Israel"]
[BlackTeam "Serbia"]
[WhiteTeamCountry "ISR"]
[BlackTeamCountry "SRB"]
[TimeControl "40/5400+30:1800+30"]

1. e4 e5 2. Nf3 Nc6 3. Bb5 a6 4. Ba4 Nf6 5. O-O Nxe4 6. d4 b5 7. Bb3 d5 8. dxe5 Be6 9. c3 Bc5 10. Nbd2 O-O 11. Bc2 Nxf2 12. Rxf2 f6 13. Nf1 Bxf2+ 14. Kxf2 fxe5 15. Kg1 Qd6 16. Be3 Rad8 17. Qe1 h6 18. Rd1 Qe7 19. Qg3 Qf6 20. Bc5 Rf7 21. Ne3 e4 22. Nd4 Nxd4 23. cxd4 g5 24. Rf1 Qg7 25. Re1 Rf4 26. Bd1 Qg6 27. h4 Rd7 28. Bg4 Bxg4 29. Nxg4 Rg7 30. h5 Qe6 31. Ne5 Qf5 32. Ng6 Rg4 33. Qh3 e3 34. Rf1 Qe4 35. Rf8+ 1-0

[Event "EYTCC Open U18 2022"]
[Site "Thessaloniki"]
[Date "2022.07.15"]
[Round "4.4"]
[White "Ljepic, Andrej"]
[Black "Kochavi, Ori"]
[Result "0-1"]
[ECO "B15"]
[WhiteElo "2234"]
[BlackElo "2364"]
[Annotator "ChessBase"]
[PlyCount "80"]
[EventDate "2022.07.12"]
[EventType "team-tourn"]
[EventCountry "GRE"]
[SourceTitle "playchess.com"]
[Source "ChessBase"]
[SourceQuality "1"]
[WhiteTeam "Serbia"]
[BlackTeam "Israel"]
[WhiteTeamCountry "SRB"]
[BlackTeamCountry "ISR"]
[TimeControl "40/5400+30:1800+30"]

1. e4 c6 2. d4 d5 3. Nc3 dxe4 4. Nxe4 Nf6 5. Nxf6+ exf6 6. c3 Bd6 7. Bd3 O-O 8. Qc2 Re8+ 9. Ne2 h5 10. O-O h4 11. h3 Nd7 12. Be3 Nf8 13. Rae1 Bd7 14. Qd2 Rc8 15. f4 f5 16. c4 Bb8 17. Nc3 a6 18. d5 c5 19. a3 Bd6 20. Kh1 Qf6 21. Ne2 b5 22. b3 Ng6 23. Qc1 Rb8 24. Bd2 bxc4 25. Bc3 cxd3 26. Bxf6 dxe2 27. Rf2 gxf6 28. Rfxe2 Rxe2 29. Rxe2 Nxf4 30. Re3 Nxd5 31. Rd3 Be6 32. Qh6 Bg3 33. Qc1 Nf4 34. Rxg3+ hxg3 35. Qxf4 Rxb3 36. Qc1 Bd5 37. Qd1 Rb2 38. Qc1 Rxg2 39. Qxc5 Rh2+ 40. Kg1 Rh1# 0-1

[Event "EYTCC Open U18 2022"]
[Site "Thessaloniki"]
[Date "2022.07.15"]
[Round "4.5"]
[White "Svane, Frederik"]
[Black "Baum, Jonasz"]
[Result "1-0"]
[ECO "B23"]
[WhiteElo "2521"]
[BlackElo "2410"]
[Annotator "ChessBase"]
[PlyCount "103"]
[EventDate "2022.07.12"]
[EventType "team-tourn"]
[EventCountry "GRE"]
[SourceTitle "playchess.com"]
[Source "ChessBase"]
[SourceQuality "1"]
[WhiteTeam "Germany"]
[BlackTeam "Poland"]
[WhiteTeamCountry "GER"]
[BlackTeamCountry "POL"]
[TimeControl "40/5400+30:1800+30"]

1. e4 c5 2. Nc3 d6 3. Nge2 Nf6 4. g3 Nc6 5. Bg2 g6 6. d3 Bg7 7. O-O O-O 8. h3 Rb8 9. f4 Bd7 10. Be3 b5 11. a3 a5 12. a4 b4 13. Nb5 Ne8 14. Rb1 Nc7 15. c4 Ne6 16. f5 Ned4 17. Nexd4 Nxd4 18. Nxd4 Bxd4 19. Bxd4 cxd4 20. Qd2 Kg7 21. b3 f6 22. h4 Qb6 23. g4 Qc5 24. Rf3 Qe5 25. Rbf1 h6 26. g5 hxg5 27. hxg5 Rh8 28. R1f2 gxf5 29. exf5 Qh2+ 30. Kf1 Bc6 31. Rf4 Bxg2+ 32. Rxg2 Qh1+ 33. Rg1 Qh3+ 34. Kf2 fxg5 35. Re4 Qxf5+ 36. Ke1 Qf6 37. Rxg5+ Kf7 38. Rf4 Rh1+ 39. Kf2 Re8 40. Rg2 Rb1 41. Rxf6+ exf6 42. Qf4 Rxb3 43. Qxd4 Re5 44. Qa7+ Ke6 45. Rg7 Rb2+ 46. Kf3 Rf5+ 47. Ke3 Re5+ 48. Kd4 Kf5 49. Qd7+ Re6 50. Qf7 Rh2 51. Qg6+ Kf4 52. Qg4# 1-0

[Event "EYTCC Open U18 2022"]
[Site "Thessaloniki"]
[Date "2022.07.15"]
[Round "4.6"]
[White "Czopor, Maciej"]
[Black "Koellner, Ruben Gideon"]
[Result "1-0"]
[ECO "C41"]
[WhiteElo "2415"]
[BlackElo "2422"]
[Annotator "ChessBase"]
[PlyCount "73"]
[EventDate "2022.07.12"]
[EventType "team-tourn"]
[EventCountry "GRE"]
[SourceTitle "playchess.com"]
[Source "ChessBase"]
[SourceQuality "1"]
[WhiteTeam "Poland"]
[BlackTeam "Germany"]
[WhiteTeamCountry "POL"]
[BlackTeamCountry "GER"]
[TimeControl "40/5400+30:1800+30"]

1. e4 d6 2. d4 Nf6 3. Nc3 e5 4. Nf3 Nbd7 5. Rg1 h5 6. Bg5 Be7 7. Qd2 c6 8. O-O-O b5 9. Bxf6 Bxf6 10. d5 b4 11. dxc6 bxc3 12. cxd7+ Bxd7 13. Qxc3 Qb6 14. Bc4 Ke7 15. Qe3 Qxe3+ 16. fxe3 Rac8 17. Bd5 h4 18. Rd3 Bg4 19. Rf1 Rc7 20. Ra3 Rhc8 21. c3 h3 22. g3 g6 23. Ne1 Bg5 24. Kd2 f5 25. Nd3 Rf8 26. Ra6 Bh6 27. exf5 gxf5 28. Nxe5 dxe5 29. Re6+ Kd7 30. Rxh6 Rb8 31. b3 Rb6 32. Rh7+ Kd6 33. Rxc7 Kxc7 34. e4 Rd6 35. Ke3 Kb6 36. c4 fxe4 37. b4 1-0

[Event "EYTCC Open U18 2022"]
[Site "Thessaloniki"]
[Date "2022.07.15"]
[Round "4.7"]
[White "Koelle, Tobias"]
[Black "Klimkowski, Jan"]
[Result "1/2-1/2"]
[ECO "E16"]
[WhiteElo "2436"]
[BlackElo "2398"]
[Annotator "ChessBase"]
[PlyCount "120"]
[EventDate "2022.07.12"]
[EventType "team-tourn"]
[EventCountry "GRE"]
[SourceTitle "playchess.com"]
[Source "ChessBase"]
[SourceQuality "1"]
[WhiteTeam "Germany"]
[BlackTeam "Poland"]
[WhiteTeamCountry "GER"]
[BlackTeamCountry "POL"]
[TimeControl "40/5400+30:1800+30"]

1. d4 Nf6 2. c4 e6 3. Nf3 Bb4+ 4. Bd2 Qe7 5. g3 Bxd2+ 6. Qxd2 Nc6 7. a3 O-O 8. Bg2 d6 9. O-O e5 10. Nc3 e4 11. Ng5 Bf5 12. Nd5 Nxd5 13. cxd5 Nxd4 14. Qxd4 Qxg5 15. Bxe4 Rfe8 16. Bf3 Qd8 17. Rfc1 Re7 18. Rc3 a5 19. Rac1 b6 20. Qf4 Bg6 21. h4 h6 22. Rc6 Rb8 23. R1c3 Bh7 24. Qc1 Rb7 25. R6c4 Bf5 26. Kg2 Bg6 27. Re3 Bf5 28. Rf4 Bg6 29. Qc3 Qe8 30. Rxe7 Qxe7 31. h5 Bh7 32. Rg4 f6 33. Qc6 Ra7 34. Rc4 Bf5 35. Rf4 Bd7 36. Qc2 Ra8 37. Rc4 Rc8 38. Kg1 Qd8 39. Be4 Kh8 40. Rc3 Be8 41. Bf5 Bd7 42. Bg6 Be8 43. Qe4 Kg8 44. Bf5 Bd7 45. Re3 Bxf5 46. Qxf5 Rb8 47. Kg2 Qc8 48. Re6 b5 49. Qg6 Kf8 50. Qd3 Qd7 51. Re4 Re8 52. Rh4 Re5 53. Rh1 c6 54. dxc6 Qxc6+ 55. Qf3 Qxf3+ 56. Kxf3 Rc5 57. e3 Rc2 58. b4 axb4 59. axb4 Rc4 60. Ra1 f5 1/2-1/2

[Event "EYTCC Open U18 2022"]
[Site "Thessaloniki"]
[Date "2022.07.15"]
[Round "4.8"]
[White "Seemann, Jakub"]
[Black "Krastev, Alexander"]
[Result "1-0"]
[ECO "A61"]
[WhiteElo "2382"]
[BlackElo "2435"]
[Annotator "ChessBase"]
[PlyCount "89"]
[EventDate "2022.07.12"]
[EventType "team-tourn"]
[EventCountry "GRE"]
[SourceTitle "playchess.com"]
[Source "ChessBase"]
[SourceQuality "1"]
[WhiteTeam "Poland"]
[BlackTeam "Germany"]
[WhiteTeamCountry "POL"]
[BlackTeamCountry "GER"]
[TimeControl "40/5400+30:1800+30"]

1. d4 Nf6 2. c4 e6 3. Nf3 c5 4. d5 d6 5. Nc3 exd5 6. cxd5 g6 7. e4 Bg7 8. h3 O-O 9. Bd3 b5 10. Nxb5 Re8 11. O-O Nxe4 12. Bxe4 Rxe4 13. Bg5 Qd7 14. Nc3 Re8 15. Qd2 Bb7 16. Bh6 Na6 17. Bxg7 Kxg7 18. Qf4 Nc7 19. Rfd1 Rad8 20. b4 Qf5 21. Qxf5 gxf5 22. b5 Re4 23. Nxe4 fxe4 24. Nd2 Bxd5 25. a4 f5 26. Rac1 Ne6 27. Nc4 Bxc4 28. Rxc4 d5 29. Rc2 Kf6 30. a5 Ke5 31. b6 axb6 32. axb6 Rb8 33. Rb1 c4 34. Ra2 c3 35. Rb3 d4 36. b7 Nc5 37. Ra5 Kd6 38. Rb6+ Kc7 39. Rb4 Nxb7 40. Rd5 Ra8 41. Rc4+ Kb6 42. Rdxd4 Ra1+ 43. Kh2 Rc1 44. Rc8 Nc5 45. Rd6+ 1-0

[Event "EYTCC Open U18 2022"]
[Site "Thessaloniki"]
[Date "2022.07.15"]
[Round "4.9"]
[White "Fromm, Marius"]
[Black "Stepanencu, Nicodim-Cosmin"]
[Result "1-0"]
[ECO "B92"]
[WhiteElo "2391"]
[BlackElo "2277"]
[Annotator "ChessBase"]
[PlyCount "80"]
[EventDate "2022.07.12"]
[EventType "team-tourn"]
[EventCountry "GRE"]
[SourceTitle "playchess.com"]
[Source "ChessBase"]
[SourceQuality "1"]
[WhiteTeam "Germany"]
[BlackTeam "Romania"]
[WhiteTeamCountry "GER"]
[BlackTeamCountry "ROU"]
[TimeControl "40/5400+30:1800+30"]

1. e4 c5 2. Nf3 d6 3. d4 cxd4 4. Nxd4 Nf6 5. Nc3 a6 6. Be2 e5 7. Nb3 Be7 8. O-O O-O 9. Kh1 Be6 10. f4 Bd7 11. f5 Bc6 12. Bf3 Nbd7 13. g4 a5 14. g5 Ne8 15. h4 f6 16. g6 hxg6 17. Be2 Nb6 18. Be3 d5 19. fxg6 f5 20. Bxb6 Qxb6 21. exd5 Qb4 22. Rf2 Rd8 23. Qf1 Rxd5 24. Bc4 Nc7 25. Rd1 b5 26. Bxd5+ Nxd5 27. Nxd5 Rd8 28. Qg2 Qxh4+ 29. Kg1 Rxd5 30. Rxd5 a4 31. Rd8+ Bxd8 32. Qxc6 Qg4+ 33. Qg2 Bb6 34. Qxg4 fxg4 35. Kg2 Bxf2 36. Kxf2 axb3 37. cxb3 Kf8 38. Kg3 Ke7 39. Kxg4 Kd6 40. Kf3 Kd5 1-0

[Event "EYTCC Open U18 2022"]
[Site "Thessaloniki"]
[Date "2022.07.15"]
[Round "4.10"]
[White "Antonica, Dragos-Andrei"]
[Black "Deuer, Marius"]
[Result "0-1"]
[ECO "A35"]
[WhiteElo "2355"]
[BlackElo "2338"]
[Annotator "ChessBase"]
[PlyCount "62"]
[EventDate "2022.07.12"]
[EventType "team-tourn"]
[EventCountry "GRE"]
[SourceTitle "playchess.com"]
[Source "ChessBase"]
[SourceQuality "1"]
[WhiteTeam "Romania"]
[BlackTeam "Germany"]
[WhiteTeamCountry "ROU"]
[BlackTeamCountry "GER"]
[TimeControl "40/5400+30:1800+30"]

1. Nf3 Nf6 2. c4 c5 3. Nc3 Nc6 4. e3 a6 5. Be2 g6 6. O-O Bg7 7. Qc2 O-O 8. a3 b6 9. b4 cxb4 10. axb4 Nxb4 11. Qb3 Nc6 12. d4 d6 13. Bd2 e5 14. d5 Nb8 15. Qa3 Ne8 16. Rab1 Nd7 17. Na4 Rb8 18. Ne1 Nc5 19. Nd3 Ne4 20. Ba5 Qg5 21. Nxb6 Bh3 22. Bf3 N8f6 23. Kh1 Bf5 24. Rbd1 Qh4 25. Qa2 Rxb6 26. Bxb6 Nc3 27. g3 Qh6 28. Qd2 e4 29. Qxc3 exf3 30. Qc1 Bxd3 31. Rxd3 Qh3 0-1

[Event "EYTCC Open U18 2022"]
[Site "Thessaloniki"]
[Date "2022.07.15"]
[Round "4.11"]
[White "Colbow, Collin"]
[Black "Antal, Hunor-Zoltan"]
[Result "1-0"]
[ECO "B10"]
[WhiteElo "2325"]
[BlackElo "2263"]
[Annotator "ChessBase"]
[PlyCount "51"]
[EventDate "2022.07.12"]
[EventType "team-tourn"]
[EventCountry "GRE"]
[SourceTitle "playchess.com"]
[Source "ChessBase"]
[SourceQuality "1"]
[WhiteTeam "Germany"]
[BlackTeam "Romania"]
[WhiteTeamCountry "GER"]
[BlackTeamCountry "ROU"]
[TimeControl "40/5400+30:1800+30"]

1. e4 c6 2. Nf3 d5 3. d3 dxe4 4. dxe4 Qxd1+ 5. Kxd1 Nf6 6. Nbd2 Nbd7 7. Ne1 Ng4 8. Ke2 b6 9. f4 e5 10. f5 Ba6+ 11. Kf3 Bxf1 12. Nxf1 Ngf6 13. g4 h6 14. Be3 Bc5 15. Nd3 Bd6 16. Nd2 O-O-O 17. a4 Kb7 18. a5 Rhe8 19. Rhb1 Nb8 20. b4 b5 21. a6+ Nxa6 22. Nb3 Rc8 23. Ra2 Nd7 24. Rba1 Ndb8 25. Nbc5+ Bxc5 26. Nxc5+ 1-0

[Event "EYTCC Open U18 2022"]
[Site "Thessaloniki"]
[Date "2022.07.15"]
[Round "4.12"]
[White "Cnejev, Vladimir-Alexandru"]
[Black "Cherniaiev, Tykhon"]
[Result "0-1"]
[ECO "B40"]
[WhiteElo "2172"]
[BlackElo "2186"]
[Annotator "ChessBase"]
[PlyCount "76"]
[EventDate "2022.07.12"]
[EventType "team-tourn"]
[EventCountry "GRE"]
[SourceTitle "playchess.com"]
[Source "ChessBase"]
[SourceQuality "1"]
[WhiteTeam "Romania"]
[BlackTeam "Germany"]
[WhiteTeamCountry "ROU"]
[BlackTeamCountry "GER"]
[TimeControl "40/5400+30:1800+30"]

1. e4 c5 2. Nf3 e6 3. c3 d5 4. e5 d4 5. Bd3 Bd7 6. O-O Bc6 7. Re1 g5 8. h3 h5 9. Be4 g4 10. Nh2 Bg7 11. hxg4 hxg4 12. Qxg4 Bxe5 13. g3 Nf6 14. Bxc6+ Nxc6 15. Qf3 Qc7 16. Na3 O-O-O 17. Nb5 Qb8 18. cxd4 Rxd4 19. Nxd4 Nxd4 20. Qd3 Qd6 21. a4 Qd5 22. Ra3 Ng4 23. Qe4 Nxh2 24. Qxd5 exd5 25. Kg2 Nhf3 26. Rh1 Rxh1 27. Kxh1 Ne1 28. Re3 Ndf3 29. b3 d4 30. Re2 f5 31. Ba3 b6 32. g4 fxg4 33. Re4 Nd3 34. Kg2 Bf4 35. Re7 a5 36. Kf1 Bxd2 37. Ke2 Nf4+ 38. Kd1 d3 0-1

[Event "EYTCC Open U18 2022"]
[Site "Thessaloniki"]
[Date "2022.07.15"]
[Round "4.13"]
[White "Borhy, Marcell"]
[Black "Morgunov, Marc"]
[Result "0-1"]
[ECO "A05"]
[WhiteElo "2411"]
[BlackElo "2376"]
[Annotator "ChessBase"]
[PlyCount "98"]
[EventDate "2022.07.12"]
[EventType "team-tourn"]
[EventCountry "GRE"]
[SourceTitle "playchess.com"]
[Source "ChessBase"]
[SourceQuality "1"]
[WhiteTeam "Hungary"]
[BlackTeam "Austria"]
[WhiteTeamCountry "HUN"]
[BlackTeamCountry "AUT"]
[TimeControl "40/5400+30:1800+30"]

1. Nf3 Nf6 2. g3 g6 3. b3 Bg7 4. Bb2 b6 5. Bg2 Bb7 6. O-O O-O 7. c4 e6 8. d4 d5 9. Nbd2 Nbd7 10. Qc2 c5 11. Rac1 dxc4 12. Nxc4 Be4 13. Qd2 Qe7 14. dxc5 Nxc5 15. Be5 Rfd8 16. Qb2 Ne8 17. b4 Na4 18. Qa3 b5 19. Bxg7 Kxg7 20. Na5 Qf6 21. Qe3 Nd6 22. Nb3 Bd5 23. Qd4 Nc4 24. e4 e5 25. Qxd5 Rxd5 26. exd5 Rd8 27. Nfd2 Nab6 28. Nxc4 Nxc4 29. Nc5 Nd2 30. Rfd1 Nc4 31. Nb7 Rd7 32. Nc5 Rd8 33. Nb7 Rb8 34. d6 Rxb7 35. Rxc4 Rd7 36. Rc6 Qe6 37. Be4 Kh6 38. Kg2 f5 39. Bc2 Qxa2 40. Rc5 e4 41. Rd2 Qa3 42. Rcd5 Qxb4 43. Bd1 Qc3 44. g4 Kg5 45. gxf5 gxf5 46. Rc2 Qa3 47. Rcc5 Kh4 48. Rxf5 Qh3+ 49. Kh1 Qf1# 0-1

[Event "EYTCC Open U18 2022"]
[Site "Thessaloniki"]
[Date "2022.07.15"]
[Round "4.14"]
[White "Kristoferitsch, Daniel"]
[Black "Juhasz, Agoston"]
[Result "0-1"]
[ECO "D70"]
[WhiteElo "2312"]
[BlackElo "2344"]
[Annotator "ChessBase"]
[PlyCount "66"]
[EventDate "2022.07.12"]
[EventType "team-tourn"]
[EventCountry "GRE"]
[SourceTitle "playchess.com"]
[Source "ChessBase"]
[SourceQuality "1"]
[WhiteTeam "Austria"]
[BlackTeam "Hungary"]
[WhiteTeamCountry "AUT"]
[BlackTeamCountry "HUN"]
[TimeControl "40/5400+30:1800+30"]

1. d4 Nf6 2. c4 g6 3. f3 d5 4. cxd5 Nxd5 5. e4 Nb6 6. Nc3 Bg7 7. Be3 O-O 8. Qd2 e5 9. d5 c6 10. h4 cxd5 11. exd5 N8d7 12. h5 Nf6 13. hxg6 fxg6 14. O-O-O Bd7 15. Kb1 Rc8 16. Nh3 e4 17. fxe4 Na4 18. Nxa4 Bxa4 19. Bd3 Bxd1 20. Qxd1 Qd7 21. Bd4 Qg4 22. Qxg4 Nxg4 23. Bxa7 Ne5 24. Be2 Nc4 25. Bxc4 Rxc4 26. Re1 Rfc8 27. b3 Rc2 28. e5 Rd2 29. d6 Re8 30. Be3 Rd5 31. Bg5 Rexe5 32. Rxe5 Bxe5 33. Kc2 Rxd6 0-1

[Event "EYTCC Open U18 2022"]
[Site "Thessaloniki"]
[Date "2022.07.15"]
[Round "4.15"]
[White "Palczert, Matyas"]
[Black "Borrmann, Laurenz"]
[Result "1-0"]
[ECO "B15"]
[WhiteElo "2321"]
[BlackElo "2274"]
[Annotator "ChessBase"]
[PlyCount "149"]
[EventDate "2022.07.12"]
[EventType "team-tourn"]
[EventCountry "GRE"]
[SourceTitle "playchess.com"]
[Source "ChessBase"]
[SourceQuality "1"]
[WhiteTeam "Hungary"]
[BlackTeam "Austria"]
[WhiteTeamCountry "HUN"]
[BlackTeamCountry "AUT"]
[TimeControl "40/5400+30:1800+30"]

1. e4 c6 2. d4 d5 3. Nc3 dxe4 4. Nxe4 Nf6 5. Nxf6+ exf6 6. c3 Bd6 7. Bd3 O-O 8. Ne2 Re8 9. O-O Nd7 10. Ng3 Nf8 11. Qc2 Qc7 12. Bd2 Be6 13. c4 Bf4 14. Bc3 h5 15. Rfe1 Rad8 16. Nf1 Qc8 17. Rad1 h4 18. Ne3 Ng6 19. d5 cxd5 20. Bxg6 fxg6 21. Bxf6 Rd7 22. Qxg6 Rf7 23. Bg5 Bxg5 24. Qxg5 dxc4 25. Qxh4 c3 26. bxc3 Qxc3 27. Nd5 Qc2 28. Nf4 Rd7 29. Rc1 Bf7 30. h3 Qxa2 31. Qg4 Rde7 32. Rxe7 Rxe7 33. Rc8+ Be8 34. Qh4 Qa1+ 35. Kh2 Qe5 36. g3 g5 37. Qg4 Kh7 38. Nd3 Qd5 39. Rxe8 Rxe8 40. Qh5+ Kg7 41. Qxe8 Qxd3 42. Qe7+ Kg6 43. Qxb7 Qa3 44. Qe4+ Kf6 45. h4 gxh4 46. Qxh4+ Kg6 47. Qe4+ Kg7 48. Qe5+ Kf7 49. Qd5+ Kg7 50. f4 a5 51. Qe5+ Kg8 52. Qe8+ Kg7 53. Qe5+ Kf8 54. Qh8+ Kf7 55. Qh5+ Kg7 56. f5 a4 57. Qg6+ Kf8 58. Qf6+ Kg8 59. Qe6+ Kf8 60. Qf6+ Kg8 61. Qd8+ Kf7 62. Qd7+ Kf8 63. Kh3 Qc5 64. Qd8+ Kf7 65. Qd7+ Kf8 66. Qd8+ Kf7 67. Qg5 a3 68. Qg6+ Kf8 69. Qf6+ Kg8 70. Qe6+ Kf8 71. Qh6+ Kg8 72. Qe6+ Kf8 73. f6 Qb4 74. Qd7 Kg8 75. Qg7# 1-0